 Dungeon Crawl Stone Soup version 0.31.0-32-g396128a36d (webtiles) character file.

Game seed: 7950714405538181441

3054 PaiMei the Reanimator (level 9, 0/67 (69) HPs)
             Began as a Demonspawn Necromancer on Apr 2, 2024.
             Killed from afar by an orc wizard (10 damage)
             ... with a puff of flame
             ... on level 7 of the Dungeon.
             The game lasted 00:14:20 (9757 turns).

PaiMei the Reanimator (Demonspawn Necromancer)      Turns: 9757, Time: 00:14:20

HP:   0/67 (69)     AC: 10    Str:  9    XL:     9   Next: 57%
MP:   15/18         EV: 14    Int: 19    God:
Gold: 265           SH:  0    Dex: 14    Spells: 16/20 levels left

rFire   . . .        q - +3 hand axe of Breach {drain, rPois SInv Stlth-}
rCold   . . .        (no shield)
rNeg    . . .        a - +0 robe
rPois   +            (helmet restricted)
rElec   .            (no cloak)
rCorr   .            m - +0 pair of gloves
SInv    +            (no boots)
Will    .....        (no amulet)
Stlth   +            s - +4 ring of protection
HPRegen 0.31/turn    (no ring)
MPRegen 0.16/turn

%: no passive effects
@: lightly drained
A: horns 1, thin metallic scales 2, demonic guardian 1, demonic magic 2
a: no special abilities


You were on level 7 of the Dungeon.
You visited 2 branches of the dungeon, and saw 8 of its levels.
You also visited: Ossuary.

You collected 307 gold pieces.
You spent 42 gold pieces at shops.

Inventory:

Hand Weapons
 j - a +1 dagger of electrocution
 q - the +3 hand axe of Breach (weapon) {drain, rPois SInv Stlth-}
   (You found it on level 3 of the Dungeon)

   rPois:     It protects you from poison SInv: It lets you see invisible.
   Stlth-:    It makes you less stealthy.
Missiles
 e - 22 poisoned darts (quivered)
 F - a curare-tipped dart
Armour
 a - a +0 robe (worn)
 m - a +0 pair of gloves (worn)
 x - a +0 buckler
Jewellery
 s - a +4 ring of protection (left hand)
Wands
 f - a wand of polymorph (27)
 y - a wand of quicksilver (15)
 z - a wand of charming (4)
Scrolls
 c - 4 scrolls of identify {unknown}
 d - 3 scrolls of teleportation {unknown}
 g - a scroll of poison {unknown}
 i - a scroll of brand weapon {unknown}
 p - a scroll of amnesia {unknown}
 r - 2 scrolls of enchant weapon {unknown}
 t - 3 scrolls of immolation {unknown}
 w - 2 scrolls of noise {unknown}
 B - 2 scrolls of blinking {unknown}
Potions
 b - 5 potions of magic
 h - a potion of cancellation {unknown}
 k - a potion of attraction {unknown}
 l - 2 potions of haste {unknown}
 o - 2 potions of resistance {unknown}
 u - 2 potions of berserk rage {unknown}
 v - 7 potions of curing
 A - 2 potions of degeneration {unknown}
 C - 2 potions of mutation {unknown}
 D - a potion of might {unknown}
 E - a potion of brilliance {unknown}


   Skills:
 + Level 6.2 Fighting
 + Level 6.3 Dodging
 - Level 2.8 Stealth
 + Level 6.4 Spellcasting
 + Level 8.6 Necromancy


You had 16 spell levels left.
You knew the following spells:

 Your Spells              Type           Power      Damage    Failure   Level
a - Necrotise             Necr           100%       1d9       1%          1
b - Vampiric Draining     Necr           38%        2d8       1%          3

Your spell library contained the following spells:

 Spells                   Type           Power      Damage    Failure   Level
 Animate Dead             Necr           38%        N/A       3%          4
 Curse of Agony           Necr           38%        N/A       9%          5
 Tukima's Dance           Hex            6%         N/A       32%         3
 Dimensional Bullseye     Hex/Tloc       3%         N/A       71%         4
 Iskenderun's Mystic Bla  Conj/Tloc      6%         2d4       71%         4


Dungeon Overview and Level Annotations

Branches:
Dungeon (7/15)             Temple (1/1) D:4         Ossuary (visited)

Altars:
Cheibriados
Fedhas
Gozag
Nemelex Xobeh
Okawaru
Vehumet
Xom
Lugonu

Shops:
D:2 :   D:4 :   D:5 !   D:6 *

Portals:
Abyss: Temple


Innate Abilities, Weirdness & Mutations

You have a pair of small horns on your head.
You are mostly covered in thin metallic scales. (AC +3)
A weak demonic guardian rushes to your aid.
Spells you cast may paralyse nearby enemies.


Message History

Your white imp barely misses the orc priest.
The wight hits your white imp with a +4 trident of freezing.
The orc priest barely misses your white imp.
Your white imp misses the orc priest.
The wight hits your white imp with a +4 trident of freezing!
Your white imp dies!
Your white imp disappears in a puff of smoke!
The wight attacks as it pursues you! The wight hits you with a +0 battleaxe.
Found a scroll labelled ODDEFE MEUCRORCH.
The wight attacks as it pursues you! The wight barely misses you.
The wight attacks as it pursues you! The wight barely misses you.
Found a scroll labelled CAEXOK ESEAV.
The wight attacks as it pursues you! The wight barely misses you.
The wight attacks as it pursues you! The wight hits you with a +0 battleaxe.
The wight attacks as it pursues you! The wight barely misses you.
The orc priest calls down the wrath of Beogh upon you.
Beogh smites you!
* * * LOW HITPOINT WARNING * * *
The wight attacks as it pursues you! The wight barely misses you.
The wight attacks as it pursues you! The wight closely misses you.
The bombardier beetle sprays incendiary fluid at you.
The burning spray misses you.
The orc priest invokes the aid of Beogh against you.
Beogh smites you!
* * * LOW HITPOINT WARNING * * *
A demonic guardian appears!
The wight closely misses your iron imp.
Your iron imp closely misses the wight.
The wight hits your iron imp with a +0 battleaxe!
Your iron imp barely misses the wight.
The wight closely misses your iron imp.
The orc priest mumbles some strange prayers to Beogh against you.
Pain shoots through your body!
* * * LOW HITPOINT WARNING * * *
Your iron imp hits the wight but does no damage.
The wight barely misses your iron imp.
The orc priest miscasts a cantrip.
Your iron imp hits the wight.
The wight barely misses your iron imp.
The orc wizard gestures at you while chanting.
The puff of flame hits you!
You die...

#### ######## ## ###..##
##...#..# #. #.....#
#.......#.#.##.....#######
#...(.<(................#
##.........@..........#
#....#.............###
#....#.........5...###
###..#..........z....#
##.#......Boo......#
####........z.....#.#
#.........o....#.#
#.......##z....#.#
........######.#


You could see a bombardier beetle, 3 wights, 2 orc priests, an orc wizard
(invisible) and a friendly iron imp (summoned).

Vanquished Creatures
  A cyclops (D:6)
  An unseen horror (D:6)
  Duvessa (D:6)
  A black bear (D:4)
  2 ice beasts
  2 centaurs (D:6)
  A kobold brigand (D:6)
  A weeping skull (Ossuary)
  4 elf skeletons (D:6)
  5 scorpions
  2 water moccasin zombies (Ossuary)
  2 wights (D:6)
  Dowan (D:6)
  A howler monkey (D:6)
  2 centaur zombies (Ossuary)
  2 bullfrog zombies (Ossuary)
  A bombardier beetle (D:4)
  4 hounds
  2 human skeletons (D:6)
  Ijyb (D:5)
  Natasha (thrice) (D:3)
  3 iguanas
  A scorpion zombie (Ossuary)
  An ogre zombie (Ossuary)
  Robin (D:2)
  3 gnolls (D:5)
  7 adders
  A shadow imp (D:6)
  An adder zombie (Ossuary)
  2 ribbon worms (D:2)
  6 dart slugs
  3 orcs
  3 ball pythons
  2 endoplasms
  A giant cockroach (D:1)
  17 goblins
  11 hobgoblins
  3 jackals (D:2)
  6 quokkas
  5 bats
  A frilled lizard (D:2)
  A gnoll zombie (Ossuary)
  4 goblin zombies (Ossuary)
  2 hobgoblin zombies (Ossuary)
  3 kobolds
  3 orc skeletons (D:6)
  7 orc zombies
  2 rats
140 creatures vanquished.

Vanquished Creatures (collateral kills)
  A wight (D:6)
  A bombardier beetle (D:5)
  An ogre zombie (Ossuary)
  An endoplasm (D:2)
  A gnoll zombie (Ossuary)
  A hobgoblin (D:2)
  A jackal (D:2)
  2 goblins
9 creatures vanquished.

Vanquished Creatures (others)
  An orc wizard (D:7)
1 creature vanquished.

Grand Total: 150 creatures vanquished

Notes
Turn   | Place    | Note
-------+----------+-------------------------------------------
     0 | D:1      | PaiMei the Demonspawn Necromancer began the quest for the
                  | Orb.
     0 | D:1      | Reached XP level 1. HP: 13/13 MP: 3/3
   368 | D:1      | Gained mutation: Spells you cast may paralyse adjacent
                  | enemies. [demonic ancestry]
   368 | D:1      | Reached XP level 2. HP: 19/19 MP: 1/5
   856 | D:1      | You fall into a shaft and drop 1 floor!
  1130 | D:2      | Noticed Robin
  1164 | D:2      | Killed Robin
  1165 | D:2      | Gained mutation: You are partially covered in thin metallic
                  | scales. (AC +2) [demonic ancestry]
  1165 | D:2      | Reached XP level 3. HP: 13/24 MP: 0/6
  1456 | D:2      | Reached XP level 4. HP: 27/30 MP: 1/7
  1660 | D:2      | Found a faded altar of an unknown god.
  1712 | D:2      | Reached skill level 5 in Necromancy
  2047 | D:2      | Found Efiuj's Book Shoppe.
  2259 | D:2      | Learned a level 3 spell: Vampiric Draining
  2406 | D:3      | Found a sparkling altar of Nemelex Xobeh.
  2424 | D:3      | Noticed Natasha
  2429 | D:3      | Killed Natasha
  2585 | D:3      | Found an iron altar of Okawaru.
  2590 | D:3      | Identified the +3 hand axe of Breach {drain, rPois SInv
                  | Stlth-}
  2655 | D:3      | Noticed Natasha
  2663 | D:3      | Killed Natasha
  2664 | D:3      | Gained mutation: A weak demonic guardian rushes to your
                  | aid. [demonic ancestry]
  2664 | D:3      | Reached XP level 5. HP: 36/36 MP: 2/9
  2696 | D:3      | Noticed Natasha
  2701 | D:3      | Killed Natasha
  2702 | D:3      | Reached skill level 1 in Fighting
  2790 | D:3      | Found a blossoming altar of Fedhas.
  3235 | D:4      | Found a staircase to the Ecumenical Temple.
  3398 | D:4      | Found a snail-covered altar of Cheibriados.
  3405 | D:4      | Noticed a black bear
  3412 | D:4      | Killed a black bear
  3413 | D:4      | Gained mutation: Spells you cast may paralyse nearby
                  | enemies. [demonic ancestry]
  3413 | D:4      | Reached XP level 6. HP: 44/44 MP: 0/11
  3562 | D:4      | Found Plog's Tiny Tomes.
  3763 | Temple   | Found a one-way gate to the infinite horrors of the Abyss.
  3763 | Temple   | Entered the Ecumenical Temple
  3850 | D:5      | Entered Level 5 of the Dungeon
  3873 | D:5      | Found an opulent altar of Gozag.
  4196 | D:5      | Found Niptahoq's Distillery.
  4200 | D:5      | Bought a potion of curing for 42 gold pieces
  4801 | D:5      | Noticed Ijyb
  4811 | D:5      | Killed Ijyb
  4812 | D:5      | Reached skill level 6 in Necromancy
  4906 | D:5      | Gained mutation: You have a pair of small horns on your
                  | head. [demonic ancestry]
  4906 | D:5      | Reached XP level 7. HP: 51/51 MP: 2/12
  5162 | D:5      | Found a shimmering altar of Xom.
  5972 | D:6      | Found a sand-covered staircase.
  6028 | D:6      | Reached XP level 8. HP: 60/60 MP: 14/14
  6041 | Ossuary  | Entered an ossuary
  6488 | Ossuary  | Reached skill level 7 in Necromancy
  6782 | Ossuary  | Reached skill level 5 in Spellcasting
  6828 | Ossuary  | Reached skill level 5 in Dodging
  6831 | Ossuary  | Noticed a silent spectre
  6979 | D:6      | Found Xuawoadgh's Elemental Accessories.
  7240 | D:6      | Noticed Dowan
  7318 | D:6      | Noticed Duvessa
  7650 | D:6      | Found a radiant altar of Vehumet.
  7680 | D:6      | Reached skill level 5 in Fighting
  8002 | D:6      | Killed Dowan
  8003 | D:6      | Killed Duvessa
  8004 | D:6      | Gained mutation: You are mostly covered in thin metallic
                  | scales. (AC +3) [demonic ancestry]
  8004 | D:6      | Reached XP level 9. HP: 15/68 MP: 13/17
  8923 | D:6      | Noticed a cyclops
  8934 | D:6      | Killed a cyclops
  8935 | D:6      | Reached skill level 8 in Necromancy
  8935 | D:6      | Noticed an unseen horror
  8952 | D:6      | Killed an unseen horror
  9757 | D:7      | Killed from afar by an orc wizard

Illustrated notes

Levels and vault maps discovered:
D:1:      nzn_arrival_depleted_hourglass, layout_basic, minmay_misc_feat_cross,
          serial_park_tiny_2, serial_bayou_pond_d
D:2:      layout_loops_ring, serial_shops, shop,
          shapermc_ecumenical_altar_mp_highgroup, minivault_26,
          nicolae_figureground_sparkle, uniq_robin
D:3:      layout_basic, okawaru_ov_weapons_minmay,
          mainiacjoe_overflow_small_starburst,
          nemelex_xobeh_ov_fountains_minmay, uniq_natasha
D:4:      layout_basic, mainiacjoe_overflow_concentric_impassable,
          temple_statues, grunt_ministairs_7,
          nicolae_shop_i_like_small_books_too
D:5:      layout_layer_cave, overflow_temple_1_default,
          regret_index_xom_buried_treasure, elyvilon_altar_4, serial_shops,
          nicolae_shop_back_alley_shop, nicolae_goblin_pals
D:6:      minmay_cornered_nines, layout_cave_pools, vehumet_crystals,
          nicolae_ossuary_entry_catacombs, serial_co_window_serial,
          co_window_paths_a, co_window_paths_b, co_window_corner_a,
          co_window_paths_b, co_window_corner_a, co_window_of_opportunity_c,
          co_window_cross_2, co_window_cross_4, co_window_corner_ca,
          co_window_corner_b, co_window_broadway_b, co_window_unsneaky_path_c,
          nicolae_elemental_shop, eino_small_chamber_without_monster,
          uniq_duvessa
D:7:      layout_cave_pools, serial_co_window_serial, co_window_corner_a,
          co_window_of_opportunity_a, co_window_paths_a, co_window_paths_a,
          co_window_paths_b, co_window_corner_a, co_window_corner_b,
          co_window_corner_b, co_window_corner_cb, co_window_corner_b,
          co_window_broadway_a, co_window_broadway_b, co_window_4corner_a,
          glass_columns_c
Temple:   nicolae_temple_total_abyssal_victory

Skill      XL: |  1  2  3  4  5  6  7  8  9 |
---------------+----------------------------+-----
Stealth        | 2 |  2.8
Dodging        | 2 3 4 5 6 |  6.3
Necromancy     | 5 6 7 8 |  8.6
Spellcasting   | 3 4 5 6 |  6.4
Fighting       | 2 3 5 6 |  6.2

Action                     |  1- 3 |  4- 6 |  7- 9 || total
---------------------------+-------+-------+-------++-------
  Melee: Hand axe          |    18 |    17 |   279 ||   314
         Dagger            |       |     3 |       ||     3
         Punch             |       |     2 |     6 ||     8
         Headbutt          |       |       |    79 ||    79
   Cast: Necrotise         |    55 |   118 |    34 ||   207
         Vampiric Draining |       |    13 |    38 ||    51
  Evoke: Wand              |       |       |     3 ||     3
   Stab: Paralysed         |     2 |     6 |    10 ||    18
         Distracted        |     1 |       |       ||     1
 Armour: Robe              |    14 |    19 |   222 ||   255
  Dodge: Dodged            |    19 |    17 |   272 ||   308
